 Dungeon Crawl Stone Soup version 0.26.0-10-g1f06aea511 (webtiles) character file.

Game seed: 1603813446810708924

65 Borgoz the Slasher (level 4, 0/37 HPs)
             Began as a Ghoul Gladiator on Jan 18, 2021.
             Slain by a gnoll
             ... wielding a +0 halberd
              (16 damage)
             ... on level 3 of the Dungeon.
             The game lasted 00:01:12 (1704 turns).

Borgoz the Slasher (Ghoul Gladiator)                Turns: 1704, Time: 00:01:12

Health: 0/37       AC:  6    Str: 17    XL:     4   Next: 13%
Magic:  3/3        EV: 11    Int:  3    God:
Gold:   77         SH:  0    Dex: 11    Spells: 3/3 levels left

rFire    . . .     SeeInvis .   a - +0 long sword
rCold    + . .     Faith    .   (no shield)
rNeg     + + +     Spirit   .   k - +0 ring mail (curse)
rPois    ∞         Reflect  .   c - +0 helmet
rElec    .         Harm     .   (no cloak)
rCorr    .         Rampage  .   (no gloves)
Will     .....                  (no boots)
Stlth    +.........             (no amulet)
HPRegen  0.00/turn              (no ring)
MPRegen  0.08/turn              (no ring)

@: no status effects
A: claws 1, cold resistance 1, negative energy resistance 3, inhibited
regeneration, torment resistance, unbreathing
a: no special abilities


You were on level 3 of the Dungeon.
You visited 1 branch of the dungeon, and saw 3 of its levels.

You collected 77 gold pieces.

Inventory:

Hand Weapons
 a - a +0 long sword (weapon)
Missiles
 d - 3 throwing nets (quivered)
Armour
 c - a +0 helmet (worn)
 k - a cursed +0 ring mail (worn)
Scrolls
 e - 2 scrolls of magic mapping
 f - a scroll of immolation {unknown}
 i - a scroll of teleportation {unknown}
 l - a scroll of blinking {unknown}
 m - a scroll of remove curse {unknown}
 o - a scroll of enchant weapon {unknown}
Potions
 b - a potion of flight {unknown}
 g - a potion of curing {unknown}
 h - 2 potions of cancellation {unknown}
 j - a potion of haste {unknown}
 n - 2 potions of magic {unknown}


   Skills:
 + Level 2.8 Fighting
 * Level 3.4 Long Blades
 - Level 1.7 Throwing
 + Level 1.2 Armour
 + Level 3.1 Dodging


You had 3 spell levels left.
You didn't know any spells.
Your spell library was empty.

Dungeon Overview and Level Annotations

Branches:
Dungeon (3/15)

Altars:


Innate Abilities, Weirdness & Mutations

You thrive by killing the living.
You are immune to poison.
You have sharp fingernails.
Your flesh is cold resistant. (rC+)
You are immune to negative energy. (rN+++)
You do not regenerate when monsters are visible.
You are immune to unholy pain and torment.
You can survive without breathing.


Message History

The gnoll completely misses you.
You slash the gnoll!
The gnoll is severely wounded.
The gnoll barely misses you. x2
You barely miss the gnoll.
The gnoll is severely wounded.
You barely miss the gnoll.
The gnoll is severely wounded.
The gnoll hits you with a +0 halberd.
You slash the gnoll!
You kill the gnoll!
You feel better. The gnoll hits you with a +0 halberd.
You have reached level 4!
You are too injured to fight recklessly!
You barely miss the gnoll. The gnoll closely misses you.
You hit the gnoll but do no damage. You hit the gnoll.
The gnoll is moderately wounded.
The gnoll hits you with a +0 halberd!
You die...

## #. #. #######
#g #.<...# #.
#.....##.
###g##.........
#..g@(.........
#.....#......##.#
#...........## #
#...#..#..#.#
#...#.....#.# #..
#........ #.
##.)...... .. ).
.##.#


You could see 3 gnolls.

Vanquished Creatures
  A gnoll (D:3)
  2 adders
  An ooze (D:2)
  A dart slug (D:1)
  6 bats
  2 giant cockroaches
  3 goblins (D:1)
  A hobgoblin (D:1)
  5 jackals
  3 kobolds
  A ball python (D:2)
  A frilled lizard (D:2)
  3 rats
30 creatures vanquished.

Notes
Turn   | Place    | Note
-------+----------+-------------------------------------------
     0 | D:1      | Borgoz the Ghoul Gladiator began the quest for the Orb.
     0 | D:1      | Reached XP level 1. HP: 17/17 MP: 0/0
   429 | D:1      | Reached XP level 2. HP: 25/25 MP: 1/1
   970 | D:2      | Reached XP level 3. HP: 30/30 MP: 2/2
  1085 | D:2      | Reached skill level 1 in Armour
  1702 | D:3      | Reached XP level 4. HP: 16/37 MP: 3/3
  1704 | D:3      | Slain by a gnoll

Illustrated notes

Levels and vault maps discovered:
D:1:      amcnicky_arrival_feature_with_door, layout_loops_corners,
          serial_aquarium, aquarium_bridge_island_small
          [aquarium_subvault_small_water, aquarium_subvault_bridge,
          aquarium_subvault_window, aquarium_subvault_bridge,
          aquarium_subvault_bridge], aquarium_window_fake,
          aquarium_window_corner, aquarium_view_2b, aquarium_view_2c,
          aquarium_pool_1, chequers_avenue
D:2:      layout_basic, minmay_misc_feat_ornament
D:3:      layout_loops_ring, lemuel_doored_altar, uniq_ijyb

Skill      XL: |  1  2  3 |
---------------+----------+-----
Long Blades    | 3 |  3.4
Armour         | 1 |  1.2
Dodging        | 3 |  3.1
Fighting       | |  2.8
Throwing       | |  1.7

Action                   |  1- 3 |  4- 6 || total
-------------------------+-------+-------++-------
Melee: Long sword        |   105 |     3 ||   108
  Use: Scroll            |     1 |       ||     1
Armor: Leather armour    |    42 |       ||    42
       Ring mail         |    10 |       ||    10
Dodge: Dodged            |    83 |     1 ||    84
       Rpst.: Long sword |    32 |       ||    32
